 Dungeon Crawl Stone Soup version 0.26.1-10-gdfb7c7de75 (webtiles) character file.

Game seed: 16895660101132748862

18 Almogavar the Conjurer (level 2, -1/15 HPs)
             Began as a Deep Elf Conjurer on Apr 11, 2021.
             Slain by Sigmund
             ... wielding a +0 scythe
              (8 damage)
             ... on level 2 of the Dungeon.
             The game lasted 00:02:43 (997 turns).

Almogavar the Conjurer (Deep Elf Conjurer)           Turns: 997, Time: 00:02:44

Health: -1/15      AC:  2    Str:  4    XL:     2   Next: 51%
Magic:  3/8        EV: 13    Int: 22    God:
Gold:   75         SH:  0    Dex: 13    Spells: 6/7 levels left

rFire    . . .     SeeInvis .   (no weapon)
rCold    . . .     Faith    .   (no shield)
rNeg     . . .     Spirit   .   a - +0 robe
rPois    .         Reflect  .   (no helmet)
rElec    .         Harm     .   (no cloak)
rCorr    .         Rampage  .   (no gloves)
Will     .....                  (no boots)
Stlth    ++........             (no amulet)
HPRegen  0.05/turn              (no ring)
MPRegen  0.11/turn              (no ring)

@: no status effects
A: no striking features
a: no special abilities


You were on level 2 of the Dungeon.
You visited 1 branch of the dungeon, and saw 2 of its levels.

You collected 75 gold pieces.

Inventory:

Hand Weapons
 g - a +3 vampiric dagger
Armour
 a - a +0 robe (worn)
 h - a +0 leather armour
Scrolls
 b - a scroll of enchant weapon
 c - a scroll of teleportation {unknown}
 d - a scroll of fear {unknown}
 f - a scroll of magic mapping {unknown}
 j - a scroll of fog {unknown}
Potions
 e - a potion of haste {unknown}
 i - 2 potions of might {unknown}


   Skills:
 + Level 2.5 Dodging
 + Level 2.7 Stealth
 + Level 3.1 Spellcasting
 + Level 5.0 Conjurations


You had 6 spell levels left.
You knew the following spells:

 Your Spells              Type           Power        Failure   Level
a - Magic Dart            Conj           100%         1%          1

Your spell library contained the following spells:

 Spells                   Type           Power        Failure   Level
 Searing Ray              Conj           50%          2%          2
 Dazzling Flash           Conj/Hex       28%          13%         3
 Fulminant Prism          Conj/Hex       7%           41%         4
 Iskenderun's Mystic Bla  Conj/Tloc      14%          41%         4


Dungeon Overview and Level Annotations

Branches:
Dungeon (2/15)

Altars:

Annotations:
D:2 Sigmund


Message History

Confirm with . or Enter, or press ? or * to list all spells.
Aiming: Magic Dart (safe; 1% risk of failure)
Press: ? - help, Shift-Dir - straight line, f/p - Sigmund
Aim: Sigmund, wielding a +0 scythe and wearing a +0 robe (heavily wounded, 0% to evade)
The magic dart hits Sigmund.
Sigmund is severely wounded.
Sigmund points at you and mumbles some strange words.
The puff of flame hits you!
Ouch! That really hurt!
Casting: Magic Dart (safe; 1% risk of failure)
Confirm with . or Enter, or press ? or * to list all spells.
Aiming: Magic Dart (safe; 1% risk of failure)
Press: ? - help, Shift-Dir - straight line, f/p - Sigmund
Aim: Sigmund, wielding a +0 scythe and wearing a +0 robe (severely wounded, 0% to evade)
The magic dart hits Sigmund.
Sigmund is almost dead.
Sigmund says, "Don't worry, I'll kill you fast."
Sigmund hits you with a +0 scythe!
Ouch! That really hurt!
You die...

#.# #.. #.# ..# ##.# ..#
#.# ###########
.######@####.........#
........@......).###.#
.######..###.##### #.#
##.# #.# #.# #.# #.# #.#
### #.# #.# #.# #.# #.#
#.# #.#
#.###.###.#######.##
#####.#................#
#....^#.#####.##########


You could see Sigmund.

Vanquished Creatures
  A ball python (D:1)
  A giant cockroach (D:2)
  5 goblins (D:1)
  A hobgoblin (D:1)
  2 kobolds
  A quokka (D:2)
  2 bats (D:1)
  A frilled lizard (D:1)
  4 rats
18 creatures vanquished.

Vanquished Creatures (others)
  A plant (D:2)
1 creature vanquished.

Grand Total: 19 creatures vanquished

Notes
Turn   | Place    | Note
-------+----------+-------------------------------------------
     0 | D:1      | Almogavar the Deep Elf Conjurer began the quest for the
                  | Orb.
     0 | D:1      | Reached XP level 1. HP: 10/10 MP: 6/6
   363 | D:1      | Reached XP level 2. HP: 15/15 MP: 6/8
   583 | D:1      | Reached skill level 5 in Conjurations
   985 | D:2      | Noticed Sigmund
   997 | D:2      | Slain by Sigmund

Illustrated notes

Levels and vault maps discovered:
D:1:      psy_arrival_terrarium, layout_basic, serial_glass, glass_columns_b,
          glass_columns_b, bh_walls_and_bars
D:2:      layout_basic, serial_bayou_ford_a, minivault_27,
          kennysheep_cross_room, uniq_sigmund, uniq_robin

Skill      XL: |  1  2 |
---------------+-------+-----
Conjurations   | 5 |  5.0
Dodging        | |  2.5
Stealth        | |  2.7
Spellcasting   | |  3.1

Action                   || total
-------------------------++-------
 Cast: Magic Dart        ||    32
  Use: Scroll            ||     1
Dodge: Dodged            ||     9
